 Dungeon Crawl Stone Soup version 0.29-a0-474-gdfe5cd140f (webtiles) character file.

Game seed: 12083633184516800839

55 Lekart the Skirmisher (level 3, -1/33 HPs)
             Began as a Draconian Chaos Knight on May 24, 2022.
             Was a Plaything of Xom.
             Slain by a dream sheep (glowing shapeshifter) (6 damage)
             ... led by Robin
             ... on level 3 of the Dungeon.
             The game lasted 00:02:36 (2754 turns).

Lekart the Skirmisher (Draconian Chaos Knight)      Turns: 2754, Time: 00:02:37

Health: -1/33      AC:  5    Str: 14    XL:     3   Next: 67%
Magic:  4/4        EV: 12    Int: 12    God:    Xom [...*..]
Gold:   95         SH:  0    Dex: 12    Spells: 4/4 levels left

rFire   . . .      SeeInvis .   a - +0 falchion (chaos)
rCold   . . .      Faith    .   (no shield)
rNeg    . . .      Spirit   .   (body armour unavailable)
rPois   .          Reflect  .   (helmet restricted)
rElec   .          Harm     .   (no cloak)
rCorr   .          Rampage  .   (no gloves)
Will    .....                   (no boots)
Stlth   +.........              (no amulet)
HPRegen 0.11/turn               (no ring)
MPRegen 0.09/turn               (no ring)

@: no status effects
A: AC +5, unfitting armour, cold-blooded
a: Renounce Religion


You were on level 3 of the Dungeon.
You worshipped Xom.
You were a favourite toy of Xom.
You visited 1 branch of the dungeon, and saw 3 of its levels.

You collected 95 gold pieces.

Inventory:

Hand Weapons
 a - a +0 falchion of chaos (weapon)
Scrolls
 c - a scroll of identify
 h - a scroll of amnesia {unknown}
 i - a scroll of enchant armour {unknown}
 j - a scroll of teleportation
Potions
 d - 2 potions of mutation
 f - a potion of cancellation
 g - a potion of haste {unknown}
Miscellaneous
 b - a piece from Xom's chessboard (15/15) (quivered)


   Skills:
 + Level 3.9 Fighting
 + Level 3.6 Long Blades
 + Level 2.5 Dodging
 * Level 1.1 Spellcasting


You had 4 spell levels left.
You didn't know any spells.
Your spell library was empty.

Dungeon Overview and Level Annotations

Branches:
Dungeon (3/15)

Altars:
Cheibriados

Shops:
D:3 =

Annotations:
D:2 exclusion: downstairs
D:3 Robin, Sigmund


Innate Abilities, Weirdness & Mutations

Your plain brown scales are hard. (AC +5)
You cannot fit into any form of body armour.
You are cold-blooded and may be slowed by cold attacks.


Message History

A hobgoblin comes into view.
The hobgoblin closely misses you.
A goblin comes into view. It is wielding a +0 dagger.
You hit the hobgoblin. You burn the hobgoblin.
The hobgoblin is almost dead.
You hit the hobgoblin.
You kill the hobgoblin!
You closely miss the goblin.
The goblin unwields a +0 hunting sling.
The goblin wields a +0 club.
The goblin misses you.
You hit the goblin.
The goblin changes into a glowing shapeshifter!
Xom roars with laughter!
Your tail-slap misses the glowing shapeshifter.
The glowing shapeshifter changes into a dream sheep!
The goblin hits you but does no damage.
You hit the dream sheep but do no damage.
Robin's horned helmet rattles.
Robin roars a battlecry!
The goblins go into a battle-frenzy!
The goblin hits you with a +0 club. The dream sheep bites you!
You hit the dream sheep but do no damage.
The goblin closely misses you. The dream sheep barely misses you.
You barely miss the dream sheep. The goblin hits you but does no damage.
The dream sheep closely misses you.
The dream sheep attacks as you move away!
The dream sheep bites you!
The goblin unwields a +0 club.
The goblin wields a +0 hunting sling.
The goblin shoots a sling bullet.
The sling bullet closely misses you.
You hit the dream sheep.
The dream sheep is moderately wounded.
The dream sheep ruffles its wool and motes of dream dust sparkle, to no effect.
You barely miss the dream sheep.
The dream sheep is moderately wounded.
The dream sheep bites you!
* * * LOW HITPOINT WARNING * * *
You barely miss the dream sheep.
The dream sheep is moderately wounded.
The dream sheep bites you.
You die...
Xom is highly amused!

* #..#
##.##
#..#
##.##
#..# ##.#
#.## #..#
* * ##@#
* * * ,
#Y# *,
♣..gg.gg#
, ,
♣♣...ggg#
, *
♣♣.#gg##
♣ ###


You could see a dream sheep shaped shifter, a hobgoblin (strong) and 6 goblins.

Vanquished Creatures
  A gnoll (D:1)
  2 worms (D:2)
  A dart slug (D:2)
  3 ball pythons
  5 bats
  4 endoplasms
  3 giant cockroaches
  3 goblins
  5 hobgoblins
  2 kobolds
  A quokka (D:1)
  5 rats
35 creatures vanquished.

Notes
Turn   | Place    | Note
-------+----------+-------------------------------------------
     0 | D:1      | Lekart the Draconian Chaos Knight began the quest for the
                  | Orb.
     0 | D:1      | Reached XP level 1. HP: 19/19 MP: 1/1
   331 | D:1      | XOM: silly message
   406 | D:1      | Reached XP level 2. HP: 26/26 MP: 2/2
   414 | D:1      | Found a faded altar of an unknown god.
   442 | D:1      | XOM: divination: detect items
  1247 | D:2      | Reached XP level 3. HP: 33/33 MP: 4/4
  1673 | D:2      | Reached skill level 1 in Spellcasting
  1995 | D:2      | Found a snail-covered altar of Cheibriados.
  2354 | D:3      | Noticed Sigmund
  2368 | D:2      | HP: 1/33 [frozen (3)]
  2707 | D:3      | Found Qyomugg's Jewellery Emporium.
  2724 | D:3      | XOM: divination: magic mapping
  2741 | D:3      | Noticed Robin
  2747 | D:3      | Noticed a glowing shapeshifter
  2747 | D:3      | a goblin changed into a glowing shapeshifter
  2747 | D:3      | Noticed a dream sheep
  2747 | D:3      | a glowing shapeshifter changed into a dream sheep
  2754 | D:3      | Slain by a dream sheep (glowing shapeshifter)

Illustrated notes

Levels and vault maps discovered:
D:1:      psy_arrival_radial01, layout_basic,
          ebering_ecumenical_altar_abandoned, minmay_misc_feat_encased
D:2:      layout_basic, basic_altar, hex_tiny
D:3:      layout_rooms, serial_shops, nicolae_shop_behind_doors, shop_statue,
          shop, nicolae_shop_trees, uniq_crazy_yiuf_cottage, uniq_grinder,
          uniq_sigmund, uniq_robin

Skill      XL: |  1  2  3 |
---------------+----------+-----
Spellcasting   | 1 |  1.1
Fighting       | |  3.9
Long Blades    | |  3.6
Dodging        | |  2.5

Action                   || total
-------------------------++-------
Melee: Falchion          ||   118
       Tailslap          ||     8
  Use: Scroll            ||     6
       Potion            ||     2
Armor: Skin              ||    35
Dodge: Dodged            ||    82

Table legend: (Time is in decaauts)
 A = Elapsed time spent in this place.
 B = Non-inter-level travel time spent in this place.
 C = Inter-level travel time spent in this place.
 D = Time resting spent in this place.
 E = Time spent auto-exploring this place.
 F = Levels seen in this place.
 G = Mean time per level.
                   A        B        C        D        E       F      G
               +--------+--------+--------+--------+--------+-----+--------+
         Total |   2773 |   2672 |    101 |    247 |   2111 |   3 |  924.3 |
       Dungeon |   2773 |   2672 |    101 |    247 |   2111 |   3 |  924.3 |
               +--------+--------+--------+--------+--------+-----+--------+

Top non-repeatable levels by time:
     D:2: 1450 daAuts
     D:1: 1248 daAuts
     D:3: 74 daAuts
